AoeStats
← PUNISHER

Migration

504056193Analyzed
1v1 RM · 29d ago on Sep 3, 2026· 39m 42s· 2 players
Game mode
Random Map
Map size
132×132
Population
200
Speed
Normal
Resources
Standard
Victory
Conquest
Starting age
Dark Age
Ending age
Imperial Age
RankedLock teamsTeams togetherTeam positionsShared explorationLock speedFull tech treeHidden civsTurbo modeCheats
Victory
Defeat
🇳🇱 Japanese · Netherlands
826
+16
🇹🇷 Vikings · Türkiye
832
-16
daedric_prodigy
11:05 Feudal Age
12:47 Wheelbarrow
12:08 Double-Bit Axe
18:59 Castle Age
20:28 Bow Saw
21:08 Hand Cart
20:39 Loom
21:54 Fishing Lines
23:10 Horse Collar
24:10 Medium Warships
24:03 Gillnets
26:02 Fletching
27:40 Bodkin Arrow
30:04 Thumb Ring
30:23 Scale Mail Armor
33:20 Forging
33:56 Ballistics
36:10 Imperial Age
36:31 Elite Samurai
38:38 Bracer
39:14 Iron Casting
38:55 Chain Mail Armor
40:19 Conscription
40:24 Kataparuto
PUNISHER
3:32 Loom
11:39 Feudal Age
12:21 Town Watch
12:23 Double-Bit Axe
14:53 Fishing Lines
22:39 Castle Age
21:45 Horse Collar
22:19 Forging
22:00 Fletching
22:20 Arson
23:17 Stone Mining
23:25 Bodkin Arrow
25:19 Iron Casting
27:52 Squires
27:26 Man-at-Arms
27:52 Gambesons
28:54 Scale Mail Armor
29:56 Long Swordsman
30:54 Town Patrol
34:21 Pikeman
Connection lost

Rejoining the realm…

Still unreachable

The connection could not be restored.

Session expired

The server has moved on; the page needs a fresh start.